 Dungeon Crawl Stone Soup version 0.19.3-4-gbf9329e (webtiles) character file.

119 Angani the Archer (level 4, 0/36 HPs)
             Began as a Centaur Hunter on Jan 28, 2017.
             Killed from afar by an orc wizard (7 damage)
             ... with a magic dart
             ... on level 3 of the Dungeon.
             The game lasted 00:04:50 (2593 turns).

Angani the Archer (Centaur Hunter)                  Turns: 2593, Time: 00:04:51

Health: 0/36       AC:  5    Str: 14    XL:     4   Next: 73%
Magic:  4/4        EV:  9    Int: 10    God:
Gold:   106        SH:  0    Dex: 11    Spells: 0 memorised, 3 levels left

rFire  . . .     SeeInvis .     b - +0 short sword
rCold  . . .     Gourm    .     c - +0 leather armour
rNeg   . . .     Faith    .     (no shield)
rPois  .         Spirit   .     l - +0 helmet
rElec  .         Reflect  .     (no cloak)
rCorr  .         Harm     .     (no gloves)
MR     .....                    (no barding)
Stlth  ..........               (no amulet)
                                (no ring)
                                k - ring of flight

@: confused, very quick
A: hooves 3, deformed body, speed 2, tough skin 3
a: Evoke Flight


You were on level 3 of the Dungeon.
You were very hungry.

You visited 1 branch of the dungeon, and saw 3 of its levels.

You collected 106 gold pieces.

Inventory:

Hand Weapons
 a - a +1 shortbow
 b - a +0 short sword (weapon)
Missiles
 n - 4 javelins of returning (quivered)
Armour
 c - a +0 leather armour (worn)
 l - a +0 helmet (worn)
Jewellery
 k - a ring of flight (left hand)
Scrolls
 e - a scroll of teleportation {unknown}
 h - 4 scrolls of identify {unknown}
 i - a scroll of remove curse {unknown}
 o - a scroll of noise {unknown}
 r - a scroll of enchant weapon {unknown}
Potions
 s - a potion of curing
Comestibles
 f - 4 bread rations
 g - a beef jerky
 p - 2 slices of pizza
 q - a meat ration


   Skills:
 - Level 2.0 Fighting
 + Level 8.1 Bows
 - Level 1.3 Dodging
 - Level 0.4 Stealth


You had 3 spell levels left.
You didn't know any spells.

Dungeon Overview and Level Annotations

Branches:
Dungeon (3/15)

Altars:
Gozag
Sif Muna
Uskayaw
Yredelemnul


Innate Abilities, Weirdness & Mutations

You have hooves in place of feet.
Armour fits poorly on your strangely shaped body.
You cover ground very quickly.
You have extremely tough skin. (AC +3)


Message History

You kick the orc wizard.
The orc wizard is almost dead.
The orc wizard hits you with a dagger of flaming.
The orc wizard burns you.
The orc wizard points at you and mumbles some strange words.
The puff of flame misses you.
You bump into the rock wall.
The orc wizard closely misses you.
You bump into the rock wall.
The orc wizard hits you with a dagger of flaming.
* * * LOW HITPOINT WARNING * * *
The orc wizard burns you.
* * * LOW HITPOINT WARNING * * *
You closely miss the orc wizard.
The orc wizard is almost dead.
The orc wizard hits you but does no damage.
You miss the orc wizard.
The orc wizard is almost dead.
The orc wizard casts a spell at you. The magic dart hits you!
You die...

#.#........ ...
#.#.# #.# ...
#.#o# #.# #.#
#.#o## #.# #.#
#{.#.## #.# #.#
##.###[###)####.#
##.##
##...).....## #o##
##)........# ##@##
##.##.#####.#
##)###.###.#####.#
#..#............#
###.#####.#####.#
#.# ###.# #.. #.#
#...# #.# #.# #.#
#.# #.# #.# #†#
##.###.#######.#


You could see an orc wizard.

Vanquished Creatures
  5 adders
  An ooze (D:1)
  A worm (D:2)
  A dart slug (D:2)
  3 leopard geckos
  9 orcs
  A ball python (D:1)
  8 bats
  4 giant cockroaches
  5 hobgoblins
  5 frilled lizards
  4 goblins
  2 kobolds (D:1)
  5 rats
54 creatures vanquished.

Notes
Turn   | Place    | Note
-------+----------+-------------------------------------------
     0 | D:1      | Angani the Centaur Hunter began the quest for the Orb.
     0 | D:1      | Reached XP level 1. HP: 17/17 MP: 1/1
   314 | D:1      | Reached XP level 2. HP: 24/24 MP: 2/2
   492 | D:1      | Reached skill level 6 in Bows
   890 | D:2      | Reached XP level 3. HP: 29/29 MP: 3/3
  1201 | D:2      | Reached skill level 7 in Bows
  1334 | D:2      | Reached XP level 4. HP: 33/36 MP: 4/4
  1466 | D:2      | Found a deep blue altar of Sif Muna.
  1887 | D:2      | Found an opulent altar of Gozag.
  2071 | D:3      | Found a basalt altar of Yredelemnul.
  2071 | D:3      | Found a hide-covered altar of Uskayaw.
  2241 | D:3      | Reached skill level 8 in Bows
  2593 | D:3      | Killed from afar by an orc wizard

Skill      XL: |  1  2  3  4 |
---------------+-------------+-----
Bows           | 6 7 8 |  8.1
Fighting       | |  2.0
Dodging        | |  1.3
Stealth        | |  0.4

Action                   |  1- 3 |  4- 6 || total
-------------------------+-------+-------++-------
Melee: Short sword       |       |   126 ||   126
       Kick              |       |    15 ||    15
 Fire: Shortbow          |   107 |     8 ||   115
Throw: Javelin           |     9 |     7 ||    16
  Use: Potion            |     1 |     2 ||     3
  Eat: Chunk             |       |     3 ||     3
Armor: Leather armour    |    22 |    33 ||    55
       Skin              |       |    16 ||    16
Dodge: Dodged            |    20 |    53 ||    73
